 Dungeon Crawl Stone Soup version 0.25-a0-860-gf695395b5c (webtiles) character file.

Game seed: 13197603941783288490, levelgen mode: deterministic

72235 Glundar the Fighter (level 15, -1/139 HPs)
             Began as a Minotaur Fighter on Apr 27, 2020.
             Was the Champion of Okawaru.
             Killed from afar by a manticore (5 damage)
             ... with an exploding inner flame
             ... hexed by the player character
             ... on level 15 of the Dungeon.
             The game lasted 01:56:18 (30580 turns).

Glundar the Fighter (Minotaur Fighter)             Turns: 30580, Time: 01:56:19

Health: -1/139     AC: 17    Str: 27    XL:     15   Next: 0%
Magic:  0/14       EV:  9    Int:  5    God:    Okawaru [******]
Gold:   966        SH:  0    Dex: 13    Spells: 14/14 levels left

rFire    + + .     SeeInvis .   a - +7 great mace "Firestarter" {inner flame, rF++}
rCold    . . .     Gourm    .   (shield currently unavailable)
rNeg     . . .     Faith    .   Q - +2 chain mail {rPois}
rPois    +         Spirit   +   I - +0 hat {MR+}
rElec    .         Reflect  .   M - scarf {cloud immunity}
rCorr    .         Harm     .   O - +1 pair of gloves
MR       ++...                  (no boots)
Stlth    ..........             L - amulet of guardian spirit
HPRegen  0.33/turn              l - +3 ring of dexterity
MPRegen  0.14/turn              V - ring of poison resistance

@: no status effects
A: retaliatory headbutt, horns 2
a: Heroism, Finesse, Renounce Religion


You were on level 15 of the Dungeon.
You worshipped Okawaru.
Okawaru was exalted by your worship.
You were not hungry.

You visited 3 branches of the dungeon, and saw 22 of its levels.

You collected 1232 gold pieces.
You spent 266 gold pieces at shops.

Inventory:

Hand Weapons
 a - the +7 great mace "Firestarter" (weapon) {inner flame, rF++}
   (You found it on level 4 of the Dungeon)

   It has been specially enchanted to burn those struck by it, causing extra
   injury to most foes and up to half again as much damage against particularly
   susceptible opponents.
   It greatly protects you from fire.
 b - a +2 arbalest of flaming
 y - a +1 demon trident of draining
 S - a +0 hunting sling
Missiles
 n - 81 poisoned darts (quivered)
 s - 233 sling bullets
 F - 131 bolts
 Z - 9 atropa-tipped darts
Armour
 I - a +0 hat of magic resistance (worn)
 M - a scarf of cloud immunity (worn)
 O - a +1 pair of gloves (worn)
 Q - a +2 chain mail of poison resistance (worn)
Jewellery
 l - a +3 ring of dexterity (left hand)
 E - an uncursed ring of see invisible
 K - an uncursed ring of resist corrosion
 L - an amulet of guardian spirit (around neck)
 V - a ring of poison resistance (right hand)
Wands
 q - a wand of flame (38)
 r - a wand of clouds (3)
 z - a wand of iceblast (8)
 B - a wand of enslavement (37)
 J - a wand of acid (22)
 P - a wand of scattershot (2)
 T - a wand of polymorph (19)
Scrolls
 c - a scroll of holy word {unknown}
 e - 8 scrolls of remove curse
 k - 5 scrolls of immolation
 p - 5 scrolls of teleportation
 u - 2 scrolls of fog
 v - a scroll of enchant weapon
 w - a scroll of silence {unknown}
 A - a scroll of acquirement {unknown}
 C - 5 scrolls of enchant armour
 H - a scroll of noise {unknown}
 U - 2 scrolls of blinking
 Y - a scroll of vulnerability {unknown}
Potions
 d - a potion of invisibility
 g - a potion of mutation
 h - 3 potions of resistance
 j - 2 potions of lignification
 m - 3 potions of haste
 o - 4 potions of ambrosia
 x - 2 potions of stabbing
 D - 7 potions of flight
 G - 4 potions of brilliance
 N - a potion of magic
 W - a potion of berserk rage
 X - 3 potions of cancellation
Comestibles
 f - 42 rations


   Skills:
 + Level 14.5 Fighting
   Level 10.3(13.2) Axes
 + Level 13.5(14.7) Maces & Flails
 - Level 12.0 Slings
 + Level 4.2 Crossbows
 + Level 14.4 Armour
 - Level 0.1 Dodging
 - Level 0.3 Stealth
   Level 11.9 Shields


You had 14 spell levels left.
You didn't know any spells.
Your spell library contained the following spells:

 Spells                   Type           Power        Failure   Level  Hunger
 Corona                   Hex            #......      89%         1    ##.....
 Freeze                   Ice            #...         89%         1    ##.....
 Magic Dart               Conj           #...         89%         1    ##.....
 Blink                    Tloc           N/A          96%         2    ###....
 Call Imp                 Summ           #.......     96%         2    ###....
 Ensorcelled Hibernation  Hex/Ice        #.....       96%         2    ###....
 Slow                     Hex            #.......     96%         2    ###....
 Confusing Touch          Hex            #.......     99%         3    ####...
 Conjure Flame            Conj/Fire      #.......     99%         3    ####...
 Dazzling Flash           Conj/Hex       #.....       99%         3    ####...
 Frozen Ramparts          Ice            #.....       99%         3    ####...
 Mephitic Cloud           Conj/Pois/Air  #.......     99%         3    ####...
 Ozocubu's Armour         Chrm/Ice       #.......     99%         3    ####...
 Tukima's Dance           Hex            #.......     99%         3    ####...
 Cause Fear               Hex            #.........   100%        4    #####..
 Hailstorm                Conj/Ice       #.......     100%        4    #####..
 Summon Ice Beast         Ice/Summ       #.......     100%        4    #####..
 Silence                  Hex/Air        #.........   100%        5    ######.
 Yara's Violent Unravell  Hex/Tmut       #.........   100%        5    ######.
 Discord                  Hex            #.........   100%        8    #######


Dungeon Overview and Level Annotations

Branches:
Dungeon (15/15)            Temple (1/1) D:7            Lair (6/6) D:8
  Swamp (0/4) Lair:2        Snake (0/4) Lair:2        Slime (0/5) Lair:5
    Orc (0/2) D:9          Vaults (0/5) D:14
 Depths: D:15

Altars:
Ashenzari
Cheibriados
Dithmenos
Elyvilon
Fedhas
Gozag
Hepliaklqana
Kikubaaqudgha
Makhleb
Nemelex Xobeh
Okawaru
Qazlal
Ru
Sif Muna
Trog
Uskayaw
Vehumet
Wu Jian
Xom
Yredelemnul
Zin
The Shining One

Shops:
D:5 *   D:6 [   D:9 *   D:14 [

Annotations:
D:11 3 runed translucent doors, exclusion: 3 doors, Majang's ghost, journeyman DDFi


Innate Abilities, Weirdness & Mutations

You reflexively headbutt those who attack you in melee.
You have a pair of horns on your head.


Message History

The manticore closely misses you.
The centaur warrior is engulfed in blazing flames.
The centaur warrior shoots an arrow.
The arrow hits you.
* * * LOW HITPOINT WARNING * * *
You barely miss the manticore.
The manticore is severely wounded.
The manticore barely misses you.
The manticore claws you but does no damage. x2
The centaur warrior is engulfed in blazing flames.
You kill the centaur warrior!
Okawaru accepts your kill.
You have reached level 15!
Your experience leads to an increase in your attributes!
Your base attributes are Str 26, Int 5, Dex 10.
Increase (S)trength, (I)ntelligence, or (D)exterity?
You feel stronger.
You bludgeon the manticore!! You burn the manticore.
The manticore explodes!
The fiery explosion engulfs you. You resist.
You die...

#.#.##.## #.....
#. #. #... ...#.
# #. #.#. ..#. .
#.## ... . #.##
.. #.# ..####(
#.# .....§§###
#.# #...§§@(#
#.## #######☼#
#..# #(# ##.# #.#
#.# #.##### #.#
#.#...#########[#
#.#.............#
#.#...###########
#.....#


There were no monsters in sight!

Vanquished Creatures
  Harold (D:7)
  2 ogre magi
  4 hydras
  3 centaur warriors
  A catoblepas (Lair:2)
  The ghost of omer1ben the Arsonist, a journeyman DrFE of Sif Muna (Lair:1)
  A death knight (D:15)
  8 two-headed ogres
  5 death yaks
  Urug (Lair:4)
  5 skeletal warriors (D:14)
  2 unseen horrors
  A wizard (D:14)
  An orc knight (D:14)
  4 oklob plants (Lair:4)
  2 phantasmal warriors (D:15)
  2 deep elf magi
  4 ugly things
  10 spiny frogs
  4 elephants (Lair:4)
  A torpor snail (Lair:5)
  4 black mambas
  3 gargoyles
  10 yaktaurs
  An efreet (D:15)
  11 komodo dragons
  A kobold demonologist (D:14)
  4 trolls
  A hornet (D:11)
  19 blink frogs
  Grinder (D:5)
  3 slime creatures (D:12)
  8 hippogriffs
  A bog body (Lair:2)
  3 wyverns
  62 yaks
  Eustachio (D:5)
  2 wraiths
  A basilisk (Lair:2)
  4 vampire mosquitoes
  5 hungry ghosts
  7 water moccasins
  2 acid dragons
  A soldier ant (D:14)
  3 swamp worms (Lair:2)
  8 porcupines
  8 sky beasts
  3 black bears
  4 ice beasts
  6 orc warriors
  A phantom (D:4)
  2 necrophages
  10 ogres
  6 wolves (Lair:1)
  7 centaurs
  12 crocodiles
  4 big kobolds
  24 bullfrogs
  2 wyvern zombies
  A wyvern skeleton (D:14)
  7 scorpions
  5 killer bees
  7 wights
  An electric eel (Lair:2)
  4 howler monkeys
  7 centaur zombies
  A bullfrog zombie (D:8)
  5 hounds
  7 crimson imps
  Crazy Yiuf (D:3)
  A gnoll shaman (D:6)
  3 quasits
  6 orc priests
  5 centaur skeletons
  6 jellies
  15 orc wizards
  3 bullfrog skeletons
  Ijyb (D:5)
  Natasha (D:4)
  6 iguanas
  13 worker ants
  A killer bee zombie (D:5)
  A hound zombie (D:6)
  2 hound skeletons (D:11)
  A worker ant zombie (D:11)
  4 gnolls (D:6)
  A howler monkey skeleton (D:11)
  2 shadow imps
  12 adders
  4 oozes
  An adder skeleton (D:5)
  2 adder zombies
  6 worms
  A dart slug (D:1)
  4 leopard geckos
  45 orcs
  4 ball pythons
  4 bats (D:1)
  5 giant cockroaches
  13 goblins
  5 hobgoblins
  15 jackals
  22 kobolds
  5 quokkas
  A frilled lizard (D:4)
  2 quokka skeletons
  9 rats
  A fungus (Lair:5)
  A plant (Lair:6)
598 creatures vanquished.

Vanquished Creatures (others)
  A water moccasin (Lair:5)
  A bullfrog (Lair:5)
  A worker ant (D:10)
  10 fungi
  6 plants (Lair:4)
19 creatures vanquished.

Grand Total: 617 creatures vanquished

Notes
Turn   | Place    | Note
-------+----------+-------------------------------------------
     0 | D:1      | Glundar the Minotaur Fighter began the quest for the Orb.
     0 | D:1      | Reached XP level 1. HP: 19/19 MP: 0/0
   371 | D:1      | Reached XP level 2. HP: 27/27 MP: 1/1
   649 | D:1      | Reached XP level 3. HP: 33/33 MP: 2/2
   960 | D:1      | You fall into a shaft and drop 1 floor!
  2053 | D:3      | Reached XP level 4. HP: 40/40 MP: 3/3
  2322 | D:3      | Found a sparkling altar of Nemelex Xobeh.
  2526 | D:3      | Found a blossoming altar of Fedhas.
  2555 | D:3      | Reached skill level 1 in Slings
  2644 | D:3      | Found a runed translucent door.
  2645 | D:3      | Noticed Crazy Yiuf
  2743 | D:3      | Killed Crazy Yiuf
  2844 | D:4      | Noticed a phantom
  2937 | D:4      | Reached XP level 5. HP: 33/47 MP: 4/4
  3110 | D:4      | Noticed a centaur
  3120 | D:4      | Killed a centaur
  3120 | D:4      | Reached skill level 5 in Armour
  3120 | D:4      | Reached XP level 6. HP: 40/55 MP: 5/5
  3211 | D:4      | Found the +7 great mace "Firestarter" {inner flame, rF++}
  3226 | D:4      | Reached skill level 5 in Fighting
  3226 | D:4      | Reached skill level 5 in Shields
  3397 | D:4      | Got a transparent leather armour
  3408 | D:4      | Identified the cursed +1 leather armour of Yredelemnul's
                  | Favour {rCorr} (You found it on level 4 of the Dungeon)
  3634 | D:4      | Reached XP level 7. HP: 59/61 MP: 6/6
  3786 | D:4      | Noticed Natasha
  3801 | D:4      | Killed Natasha
  4102 | D:5      | Entered Level 5 of the Dungeon
  4102 | D:5      | Noticed Ijyb
  4106 | D:5      | Killed Ijyb
  4106 | D:5      | Reached skill level 1 in Maces & Flails
  4145 | D:5      | Noticed Grinder
  4148 | D:5      | Paralysed by Grinder for 3 turns
  4153 | D:5      | Killed Grinder
  4737 | D:5      | Found a shattered altar of Ashenzari.
  4748 | D:5      | Reached XP level 8. HP: 57/70 MP: 7/7
  4801 | D:5      | Found a hide-covered altar of Uskayaw.
  5087 | D:5      | Noticed Eustachio
  5109 | D:5      | Killed Eustachio
  5581 | D:5      | Found Juv Tash's General Store.
  5584 | D:5      | Bought 2 potions of brilliance for 96 gold pieces
  5662 | D:5      | Found a white marble altar of Elyvilon.
  5662 | D:5      | Found a radiant altar of Vehumet.
  5663 | D:5      | Found a snail-covered altar of Cheibriados.
  5982 | D:6      | Found a burning altar of Makhleb.
  5992 | D:6      | Found a glowing silver altar of Zin.
  5992 | D:6      | Noticed an angel
  5994 | D:6      | Noticed a cacodemon
  6017 | D:6      | Found Onwun's Antique Armour Shop.
  6031 | D:6      | Reached skill level 5 in Slings
  6256 | D:6      | Bought a pair of gloves for 121 gold pieces
  6650 | D:7      | Found a staircase to the Ecumenical Temple.
  6655 | D:7      | Reached XP level 9. HP: 79/79 MP: 8/8
  6683 | Temple   | Entered the Ecumenical Temple
  6842 | Temple   | Became a worshipper of Warmaster Okawaru
  7048 | D:7      | Reached skill level 5 in Maces & Flails
  7424 | D:7      | Noticed Harold
  7431 | D:7      | Killed Harold
  7488 | D:7      | Found an opulent altar of Gozag.
  7636 | D:8      | Reached * piety under Okawaru
  8000 | D:8      | Reached ** piety under Okawaru
  8003 | D:8      | Noticed a two-headed ogre
  8015 | D:8      | Killed a two-headed ogre
  8015 | D:8      | Reached XP level 10. HP: 78/90 MP: 9/9
  8223 | D:8      | Found a staircase to the Lair.
  8659 | D:9      | Found a staircase to the Orcish Mines.
  8787 | D:9      | Found Oroah's Demolitions Depot.
  8795 | D:9      | Bought a scroll of immolation for 49 gold pieces
  9447 | D:10     | Entered Level 10 of the Dungeon
  9447 | D:10     | Noticed a two-headed ogre
  9451 | D:10     | Noticed a gargoyle
  9466 | D:9      | Killed a two-headed ogre
  9466 | D:9      | HP: 1/91 [two-headed ogre/exploding inner flame[the player
                  | character] (7)]
  9466 | D:9      | Reached *** piety under Okawaru
  9933 | D:10     | Killed a gargoyle
 10079 | D:10     | Received a gift from Okawaru
 10084 | D:10     | Reached **** piety under Okawaru
 10202 | D:10     | Reached XP level 11. HP: 85/99 MP: 10/10
 10537 | D:10     | Reached skill level 10 in Fighting
 10537 | D:10     | Reached skill level 10 in Armour
 10735 | D:10     | Reached skill level 10 in Shields
 10738 | D:10     | Received a gift from Okawaru
 11239 | D:11     | Noticed a minotaur
 11239 | D:11     | Noticed Majang's ghost (journeyman DDFi)
 11246 | D:11     | Noticed a purple ugly thing
 11259 | D:11     | Found a runed translucent gate.
 11259 | D:11     | Found a runed translucent gate.
 11259 | D:11     | Found a runed translucent gate.
 11348 | D:11     | You fall into a shaft and drop 1 floor!
 11445 | D:12     | Reached ***** piety under Okawaru
 11456 | D:12     | Noticed a deep elf mage
 11475 | D:12     | Noticed a sun demon
 11475 | D:12     | Killed a deep elf mage
 11835 | D:12     | Received a gift from Okawaru
 12183 | D:12     | Received a gift from Okawaru
 12187 | D:12     | Got a steaming broad axe {god gift}
 12188 | D:12     | Identified the +4 broad axe "Uriam" {vorpal, SInv} (Okawaru
                  | gifted it to you on level 12 of the Dungeon)
 12755 | D:11     | Reached XP level 12. HP: 93/110 MP: 8/11
 12797 | D:11     | Noticed a six-headed hydra
 12805 | D:11     | Killed a six-headed hydra
 12805 | D:11     | Reached skill level 5 in Axes
 13506 | D:11     | Reached skill level 10 in Maces & Flails
 14197 | Lair:1   | Entered Level 1 of the Lair of Beasts
 14281 | Lair:1   | Reached skill level 10 in Slings
 14685 | Lair:1   | Reached ****** piety under Okawaru
 14685 | Lair:1   | Received a gift from Okawaru
 14741 | Lair:1   | Noticed an eight-headed hydra
 14750 | Lair:1   | Killed an eight-headed hydra
 15242 | Lair:1   | Found a runed translucent door.
 15242 | Lair:1   | Noticed omer1ben's ghost (journeyman DrFE)
 15353 | Lair:1   | Killed omer1ben's ghost
 16290 | Lair:2   | Found a staircase to the Swamp.
 16780 | Lair:2   | Found a staircase to the Snake Pit.
 17075 | Lair:3   | Noticed a six-headed hydra
 17080 | Lair:3   | Killed a six-headed hydra
 17143 | Lair:3   | Reached XP level 13. HP: 76/118 MP: 12/12
 18795 | Lair:4   | Received a gift from Okawaru
 19326 | Lair:4   | Noticed Urug
 19335 | Lair:4   | Killed Urug
 20469 | Lair:4   | HP: 5/119 [acid (5)]
 21479 | Lair:5   | Found a staircase to the Slime Pits.
 21904 | Lair:5   | You fall into a shaft and drop 1 floor!
 21904 | Lair:6   | Entered Level 6 of the Lair of Beasts
 22016 | Lair:6   | Received a gift from Okawaru
 22364 | Lair:6   | Received a gift from Okawaru
 22684 | Lair:5   | Received a gift from Okawaru
 23375 | Lair:5   | Received a gift from Okawaru
 23377 | Lair:5   | Reached XP level 14. HP: 37/129 MP: 5/13
 23684 | Lair:5   | Received a gift from Okawaru
 25768 | D:14     | Found Posyczoa's Antique Armour Shop.
 25854 | D:14     | Found a flagged portal.
 25967 | D:14     | Found a hide-covered altar of Uskayaw.
 26452 | D:14     | Reached skill level 10 in Axes
 27890 | D:14     | Reached skill level 1 in Crossbows
 28246 | D:14     | Found a gate to the Vaults.
 28320 | D:15     | Entered Level 15 of the Dungeon
 29337 | D:15     | Paralysed by an ogre mage for 2 turns
 29355 | D:15     | Received a gift from Okawaru
 29765 | D:15     | Received a gift from Okawaru
 30466 | D:15     | Received a gift from Okawaru
 30577 | D:15     | HP: 6/133 [manticore (6)]
 30579 | D:15     | Reached XP level 15. HP: 4/139 MP: 1/14
 30580 | D:15     | Killed from afar by a manticore

Levels and vault maps discovered:
D:1:      lightli_arrival_statue_moat, layout_loops_cross, serial_rivers,
          chequers_serial_rivers_marsh, chequers_serial_rivers_marsh,
          chequers_serial_rivers_micro_a, chequers_serial_rivers_small_b,
          chequers_serial_rivers_micro_c
D:2:      layout_loops_ring, first_ration
D:3:      layout_loops_ring, lemuel_crystal_altar, fedhas_altar_1,
          uniq_crazy_yiuf_cottage
D:4:      layout_rooms, corner_web_ring, palyth_stone_intersect, uniq_natasha
D:5:      layout_basic, eat_drink_and_be_merry_uskayaw,
          gammafunk_temple_overflow_claw, evilmike_ruin_ashenzari, serial_shops,
          kennysheep_mini, hangedman_decor_clover_reticule, uniq_eustachio,
          uniq_grinder, uniq_ijyb
D:6:      layout_rooms, grunt_temple_overflow_order_and_chaos_2, serial_shops,
          nicolae_shop_waterfront
D:7:      layout_basic, grunt_gozag_statues, minmay_temple_entry_stoned_glass,
          uniq_harold
D:8:      layout_rooms, lair_entry_dummy, grunt_ogre_cave
D:9:      layout_gridville, orc_0_dummy, nicolae_blasting_shop
D:10:     layout_cave_pods
D:11:     minmay_octagon_keep, layout_loops_corners,
          maelrawn_ghost_gauntlet_escape
D:12:     layout_roguey, gauntlet_entry_generic, minmay_tree_intersection
D:13:     layout_roguey
D:14:     layout_roguey, hangedman_vaults_entry_quadrant_bands, basic_altar,
          serial_shops, shop_statue, skrybe_limestone_x, enter_bailey_2
D:15:     grunt_enter_depths_magical_seal, layout_loops_cross,
          minmay_misc_feat_x
Temple:   nicolae_temple_figure_eight
Lair:1:   layout_hall_layers, gammafunk_ghost_grave, small_statue_intersection,
          grunt_forest_small_clearings, beast_lair_carwin_2, grunt_megastairs_4
Lair:2:   layout_misc_corridors, nicolae_swamp_entry_splash_gauntlet,
          dummy_snake_entry
Lair:3:   layout_concentric_octagons, minivault_24, grunt_megastairs_1
Lair:4:   layout_roguey, infiniplex_staircase_pool, serial_bayou_shore_b,
          grunt_megastairs_5, minmay_lair_oklob_chamber, uniq_urug
Lair:5:   layout_roguey, nicolae_slime_entry_slimehenge
Lair:6:   due_jungle_book, layout_long_grid

Skill      XL: |  1  2  3  4  5  6  7  8  9 10 11 12 13 14 |
---------------+-------------------------------------------+-----
Shields        | 4 5 6 7 8 9 10 11 | 11.9
Fighting       | 4 5 6 7 8 9 11 12 13 14 | 14.5
Armour         | 4 5 6 7 8 9 11 12 13 14 | 14.4
Axes           | 3 4 7 9 10 | 10.3
Slings         | 1 2 3 5 6 8 9 10 11 12 | 12.0
Maces & Flails | 2 4 6 8 9 10 12 13 | 13.5
Crossbows      | 4 |  4.2
Dodging        | |  0.1
Stealth        | |  0.3

Action                   |  1- 3 |  4- 6 |  7- 9 | 10-12 | 13-15 || total
-------------------------+-------+-------+-------+-------+-------++-------
Melee: War axe           |   123 |    86 |       |       |       ||   209
       Headbutt          |    15 |    15 |    30 |    65 |    81 ||   206
       Great mace        |       |     3 |   181 |   336 |   351 ||   871
       Broad axe         |       |       |       |     9 |       ||     9
 Fire: Hunting sling     |     1 |     3 |     3 |    52 |   158 ||   217
       Arbalest          |       |       |       |       |    41 ||    41
  Use: Scroll            |       |     6 |     3 |     6 |    10 ||    25
       Potion            |       |       |       |     5 |     6 ||    11
  Eat: Chunk             |     4 |     4 |    15 |    26 |    20 ||    69
       Ration            |       |       |       |     1 |     7 ||     8
Armor: Scale mail        |    49 |    35 |    13 |       |       ||    97
       Leather armour    |       |     3 |     2 |       |       ||     5
       Chain mail        |       |       |    94 |   236 |   268 ||   598
Dodge: Dodged            |    34 |    22 |   114 |   225 |   190 ||   585
Block: Kite shield       |    55 |    45 |       |     5 |       ||   105

Table legend:
 A = Non-vault XP
 B = Vault XP
 C = Vault XP percentage of total XP
 D = Non-vault monster count
 E = Vault monster count
 F = Vault count percentage of total count
                 A         B        C        D         E       F
            +---------+---------+-------+---------+---------+-------
      Total |   84815 |   18379 |  17.8 |     522 |      74 |  12.4
            +---------+---------+-------+---------+---------+-------
        D:1 |      51 |       0 |   0.0 |      27 |       0 |   0.0
        D:2 |      27 |       0 |   0.0 |      13 |       0 |   0.0
        D:3 |      63 |      42 |  40.0 |      25 |       1 |   3.8
        D:4 |     605 |      36 |   5.6 |      19 |       1 |   5.0
        D:5 |     819 |     500 |  37.9 |      25 |       3 |  10.7
        D:6 |     496 |       0 |   0.0 |      17 |       0 |   0.0
        D:7 |     577 |    1023 |  63.9 |      16 |       1 |   5.9
        D:8 |    2401 |     125 |   4.9 |      36 |       1 |   2.7
        D:9 |    2079 |       0 |   0.0 |      26 |       0 |   0.0
       D:10 |    5157 |       0 |   0.0 |      38 |       0 |   0.0
       D:11 |    3519 |    1679 |  32.3 |      41 |      12 |  22.6
       D:12 |    6767 |       0 |   0.0 |      30 |       0 |   0.0
       D:13 |    2268 |       1 |   0.0 |      11 |       1 |   8.3
       D:14 |   15667 |    5344 |  25.4 |      46 |      19 |  29.2
       D:15 |   10298 |       0 |   0.0 |      27 |       0 |   0.0
     Lair:1 |    3910 |    1474 |  27.4 |      18 |       6 |  25.0
     Lair:2 |    5319 |     758 |  12.5 |      22 |       5 |  18.5
     Lair:3 |    4756 |     142 |   2.9 |      18 |       1 |   5.3
     Lair:4 |    7237 |    7106 |  49.5 |      27 |      17 |  38.6
     Lair:5 |    7318 |     149 |   2.0 |      21 |       6 |  22.2
     Lair:6 |    5481 |       0 |   0.0 |      19 |       0 |   0.0
            +---------+---------+-------+---------+---------+-------
